[Event "Titled Tuesday Blitz February 22 Late 2022"]
[White "Chigaev, Maksim"]
[Black "Mortazavi, Ali"]
[WhiteFideId "4108116"]
[BlackFideId "401323"]
[WhiteElo "2502"]
[BlackElo "2339"]
[Result "1-0"]
[Round "01"]
[TimeControl "180+1"]
[Date "2022.02.22"]
[WhiteClock "0:01:11"]
[BlackClock "0:01:35"]

1. e4 c6 2. Nf3 d5 3. d3 g6 4. e5 h5 5. h3 Nh6 6. d4 c5 7. dxc5 Qa5+ 8. c3 Qxc5 9. Be3 Qa5 10. Nd4 Nf5 11. Bb5+ Bd7 12. Bxd7+ Nxd7 13. e6 Nxe3 14. exd7+ Kxd7 15. fxe3 Bh6 16. Nb3 Qb5 17. Na3 Qc6 18. Qd3 Rad8 19. O-O f5 20. c4 Kc8 21. Rac1 dxc4 22. Qe2 b5 23. Nxc4 bxc4 24. Rxc4 Bxe3+ 25. Kh1 1-0


[Site "https://www.chess.com"]

[Event "Titled Tuesday Blitz February 22 Late 2022"]
[White "Csonka, Balazs"]
[Black "Escudero Donoso, Felipe"]
[WhiteFideId "742910"]
[BlackFideId "3410595"]
[WhiteElo "2404"]
[BlackElo "2184"]
[Result "0-1"]
[Round "01"]
[TimeControl "180+1"]
[Date "2022.02.23"]
[WhiteClock "0:00:03"]
[BlackClock "0:00:11"]

1. e4 c5 2. Nf3 e6 3. d4 cxd4 4. Nxd4 a6 5. Bd3 Nf6 6. O-O Qc7 7. Qe2 d6 8. f4 Nbd7 9. c4 g6 10. Nc3 Bg7 11. Be3 O-O 12. Rac1 b6 13. g4 Nc5 14. g5 Nxd3 15. Qxd3 Nd7 16. b3 Bb7 17. Rfd1 Rfd8 18. Bf2 Rac8 19. Nde2 Nc5 20. Qf3 Qb8 21. h4 Qa8 22. Ng3 b5 23. h5 b4 24. Bxc5 dxc5 25. Nce2 Bb2 26. Rb1 Rxd1+ 27. Rxd1 Rd8 28. Rxd8+ Qxd8 29. Qe3 Qd1+ 30. Kf2 Bd4 31. Nxd4 cxd4 32. Qe2 Qc1 33. Kf3 Qc3+ 34. Kf2 d3 35. Qe3 d2 36. Qxc3 d1=N+ 37. Ke1 Nxc3 38. hxg6 hxg6 39. e5 Nxa2 40. Kd2 Nc3 41. Nf1 Ne4+ 42. Kd3 Nc5+ 43. Kc2 Be4+ 44. Kb2 Kf8 45. Nd2 Bc6 46. Kc2 Ke7 47. Nf1 Be4+ 48. Kb2 a5 49. Ne3 Nd3+ 0-1


[Site "https://www.chess.com"]

[Event "Titled Tuesday Blitz February 22 Late 2022"]
[White "Cunha, Lucas Aguiar"]
[Black "Xiong, Jeffery"]
[WhiteFideId "2125404"]
[BlackFideId "2047640"]
[WhiteElo "2361"]
[BlackElo "2727"]
[Result "0-1"]
[Round "01"]
[TimeControl "180+1"]
[Date "2022.02.22"]
[WhiteClock "0:02:10"]
[BlackClock "0:02:38"]

1. e4 c5 2. Nf3 d6 3. d4 cxd4 4. Qxd4 Nc6 5. Bb5 a6 6. Bxc6+ bxc6 7. O-O e5 8. Qd3 Ne7 9. b3 Ng6 10. Rd1 Be7 11. Ba3 Nf4 12. Qe2 Nxe2+ 0-1


[Site "https://www.chess.com"]

[Event "Titled Tuesday Blitz February 22 Late 2022"]
[White "Curtis, John"]
[Black "Salimova, Nurgyul"]
[WhiteFideId "3200256"]
[BlackFideId "2915138"]
[WhiteElo "2203"]
[BlackElo "2185"]
[Result "0-1"]
[Round "01"]
[TimeControl "180+1"]
[Date "2022.02.23"]
[WhiteClock "0:00:54"]
[BlackClock "0:00:13"]

1. e4 c6 2. d4 d5 3. Nc3 dxe4 4. Nxe4 Nf6 5. Nxf6+ exf6 6. Bc4 Bd6 7. Ne2 O-O 8. Be3 Na6 9. Qd2 Nc7 10. O-O-O b5 11. Bd3 a5 12. Bf4 Be6 13. Bxd6 Qxd6 14. Kb1 a4 15. a3 Nd5 16. c3 Nb6 17. Nf4 Bc4 18. g3 Rfd8 19. h4 c5 20. Bxc4 Nxc4 21. Qc2 Qc6 22. dxc5 Rd2 23. Qc1 Qe4+ 24. Ka1 Rxb2 25. Rhe1 Qc6 26. Rd4 Rb3 27. Nd5 Qxc5 28. Re2 Rxa3+ 29. Ra2 Rxa2+ 30. Kxa2 Re8 31. Qd1 Qa3+ 32. Kb1 Qb2# 0-1


[Site "https://www.chess.com"]

[Event "Titled Tuesday Blitz February 22 Late 2022"]
[White "De Souza, Cristiano Gomes"]
[Black "Jacobson, Aaron"]
[WhiteFideId "2151758"]
[BlackFideId "2089912"]
[WhiteElo "2068"]
[BlackElo "2265"]
[Result "0-1"]
[Round "01"]
[TimeControl "180+1"]
[Date "2022.02.23"]
[WhiteClock "0:01:24"]
[BlackClock "0:00:10"]

1. d4 Nf6 2. c4 g6 3. Nf3 Bg7 4. Nc3 O-O 5. e4 d6 6. Be2 c5 7. O-O cxd4 8. Nxd4 Nc6 9. Be3 Bd7 10. f3 Nxd4 11. Bxd4 a5 12. Rc1 Bc6 13. b3 Nd7 14. Bxg7 Kxg7 15. Nd5 Bxd5 16. cxd5 Qb6+ 17. Kh1 Rfc8 18. Qd2 Qb4 19. Qb2+ Kg8 20. Rxc8+ Rxc8 21. Rc1 Rxc1+ 22. Qxc1 Nc5 23. Kg1 Qd4+ 24. Kf1 Kg7 25. h3 h6 26. Bc4 e5 27. Qc2 Qa1+ 28. Kf2 Qd4+ 29. Kg3 Qg1 30. Qf2 Qc1 31. Kh2 Qf4+ 32. g3 Qc1 33. Kg2 f5 34. Qe2 f4 35. g4 Qc3 36. Kf2 Qb4 37. Qe1 Qb6 38. Kg2 Qd8 39. h4 Qb6 40. Qf2 Qb4 41. Qd2 Qxd2+ 0-1


[Site "https://www.chess.com"]

[Event "Titled Tuesday Blitz February 22 Late 2022"]
[White "Deac, Bogdan-Daniel"]
[Black "Brunner, Nicolas"]
[WhiteFideId "1226380"]
[BlackFideId "620246"]
[WhiteElo "2646"]
[BlackElo "2372"]
[Result "1-0"]
[Round "01"]
[TimeControl "180+1"]
[Date "2022.02.22"]
[WhiteClock "0:00:14"]
[BlackClock "0:00:44"]

1. d4 d5 2. Nf3 Nf6 3. c4 e6 4. g3 Be7 5. Bg2 O-O 6. O-O dxc4 7. Qc2 a6 8. a4 a5 9. Qxc4 Na6 10. Nc3 Nb4 11. Rd1 b6 12. Ne5 Ba6 13. Nb5 Rc8 14. Nc6 Nxc6 15. Qxc6 Qd7 16. Qxd7 Nxd7 17. Bf4 c5 18. Na7 Bxe2 19. Nxc8 Rxc8 20. Rd2 Ba6 21. Rc1 Nf6 22. dxc5 Bxc5 23. Be3 g6 24. Bxc5 bxc5 25. Rd6 Be2 26. Rc6 Rb8 27. R6xc5 Rxb2 28. Rxa5 Ra2 29. h3 Nd5 30. Ra7 Nb6 31. Rcc7 Rxa4 32. Rxf7 Rxa7 33. Rxa7 Bc4 34. h4 Bd5 35. Bh3 Nc4 36. Re7 e5 37. Bf1 Nd2 38. Be2 e4 39. Rd7 1-0


[Site "https://www.chess.com"]

[Event "Titled Tuesday Blitz February 22 Late 2022"]
[White "Denishev, Marat"]
[Black "Baker, Chris W"]
[WhiteFideId "24131563"]
[BlackFideId "401676"]
[WhiteElo "2191"]
[BlackElo "2225"]
[Result "0-1"]
[Round "01"]
[TimeControl "180+1"]
[Date "2022.02.23"]
[WhiteClock "0:00:26"]
[BlackClock "0:00:30"]

1. Nf3 e6 2. d4 f5 3. g3 Nf6 4. Bg2 Be7 5. O-O O-O 6. c4 d6 7. Nc3 Ne4 8. Qd3 Nxc3 9. Qxc3 Bf6 10. b3 Qe8 11. Bb2 Nc6 12. Rad1 e5 13. dxe5 dxe5 14. Qc2 Be6 15. e4 f4 16. gxf4 exf4 17. e5 Be7 18. Kh1 Qh5 19. Rg1 Bf5 20. Qe2 Rae8 21. Rde1 Bb4 22. Rd1 Bg4 23. Rd5 Rf5 24. Qe4 Bf8 25. e6 Nb4 26. Rxf5 Bxf5 27. Qxf4 Rxe6 28. Nd4 Nd3 29. Qf3 Be4 30. Qxf8+ Kxf8 31. Nxe6+ Ke7 32. Bxe4 Nxf2+ 33. Kg2 Nxe4 34. Re1 Qg4+ 35. Kf1 Qf3+ 0-1


[Site "https://www.chess.com"]

[Event "Titled Tuesday Blitz February 22 Late 2022"]
[White "Desideri, Ricardo Maruchi"]
[Black "Abdyzhapar, Asylbek"]
[WhiteFideId "2110440"]
[BlackFideId "13800337"]
[WhiteElo "1945"]
[BlackElo "2331"]
[Result "0-1"]
[Round "01"]
[TimeControl "180+1"]
[Date "2022.02.23"]
[WhiteClock "0:02:03"]
[BlackClock "0:02:37"]

1. e4 e5 2. Nf3 Nc6 3. d4 exd4 4. Nxd4 Nf6 5. f3 Bc5 6. Nb3 Bb6 7. Qe2 O-O 8. Nc3 d5 9. Be3 d4 10. O-O-O Be6 11. Nxd4 Nxd4 12. Qf2 c5 13. Na4 Qe7 0-1


[Site "https://www.chess.com"]

[Event "Titled Tuesday Blitz February 22 Late 2022"]
[White "Dreev, Aleksey"]
[Black "Lehtosaari, Mauri"]
[WhiteFideId "4100107"]
[BlackFideId "501999"]
[WhiteElo "2636"]
[BlackElo "2444"]
[Result "1-0"]
[Round "01"]
[TimeControl "180+1"]
[Date "2022.02.23"]
[WhiteClock "0:00:13"]
[BlackClock "0:00:02"]

1. d4 d5 2. Nf3 Nf6 3. c4 c6 4. e3 Bg4 5. Nc3 e6 6. Qb3 Qb6 7. Nh4 Be7 8. h3 Bh5 9. g4 Nfd7 10. Ng2 Bg6 11. Qd1 h6 12. Nf4 Bh7 13. h4 a5 14. a3 Qc7 15. Bd2 Bd6 16. Nh5 Bf8 17. Rc1 Qb6 18. Na4 Qd8 19. Bg2 Bg6 20. Nf4 Bh7 21. Qb3 Ra7 22. cxd5 exd5 23. Nxd5 cxd5 24. Bxd5 Bg8 25. Qb5 Be7 26. Nc5 Bxc5 27. dxc5 Qc7 28. Bc3 f6 29. Qd3 Bxd5 30. Qxd5 Qc6 31. Qh5+ Kf8 32. Rg1 Qe6 33. g5 Qe8 34. g6 Qe6 35. Rd1 Nc6 36. Rd6 Qe7 37. Qd5 Nde5 38. f4 Nf3+ 39. Qxf3 Ke8 40. Kf2 Rf8 41. Rgd1 f5 42. Qd5 Qxh4+ 43. Ke2 Qe7 44. Re6 1-0


[Site "https://www.chess.com"]

[Event "Titled Tuesday Blitz February 22 Late 2022"]
[White "Dubov, Daniil"]
[Black "Krishnan, Varun"]
[WhiteFideId "24126055"]
[BlackFideId "5054508"]
[WhiteElo "2791"]
[BlackElo "2528"]
[Result "1-0"]
[Round "01"]
[TimeControl "180+1"]
[Date "2022.02.22"]
[WhiteClock "0:00:17"]
[BlackClock "0:00:01"]

1. d4 d5 2. Nf3 Nf6 3. c4 e6 4. g3 Bb4+ 5. Nbd2 O-O 6. Bg2 b6 7. O-O Bb7 8. Ne5 Nbd7 9. Qa4 Bd6 10. Nxd7 Qxd7 11. Qxd7 Nxd7 12. cxd5 exd5 13. Nc4 Be7 14. Bf4 Rac8 15. Rac1 Nf6 16. Ne3 c5 17. Nf5 Rfe8 18. Nxe7+ Rxe7 19. dxc5 bxc5 20. Be3 d4 21. Bxb7 Rb8 22. Bxd4 cxd4 23. Bf3 Rxb2 24. Rc8+ Re8 25. Rfc1 Kf8 26. a4 Rb8 27. R8c7 a5 28. Ra7 Re7 29. Rxa5 Nd7 30. Rb5 Rd8 31. Rd5 d3 32. Rxd3 Rb8 33. Rcd1 Ne5 34. Rd8+ Re8 35. Rxe8+ Kxe8 36. Bd5 Rb4 37. a5 Ra4 38. f4 Nd7 39. Bc6 Rxa5 40. Rxd7 Kf8 41. Bd5 f6 42. Rf7+ Ke8 43. Rxg7 Rxd5 44. Rxh7 Kf8 45. Kf2 f5 46. Rh5 Kf7 47. e4 Rd2+ 48. Ke3 Ra2 49. Rxf5+ Kg6 50. h4 Kh6 51. Kf3 Ra3+ 52. Kg4 Rb3 53. h5 Rb7 54. Rf6+ 1-0


[Site "https://www.chess.com"]

[Event "Titled Tuesday Blitz February 22 Late 2022"]
[White "Elissalt Cardenas, Hector"]
[Black "Khachiyan, Melikset"]
[WhiteFideId "3500632"]
[BlackFideId "13300512"]
[WhiteElo "2159"]
[BlackElo "2484"]
[Result "1-0"]
[Round "01"]
[TimeControl "180+1"]
[Date "2022.02.23"]
[WhiteClock "0:01:15"]
[BlackClock "0:00:35"]

1. d4 Nf6 2. c4 g6 3. Nc3 Bg7 4. e4 O-O 5. Nge2 d6 6. Ng3 c6 7. Be2 a6 8. Be3 b5 9. c5 Nbd7 10. cxd6 exd6 11. O-O Re8 12. f3 c5 13. dxc5 dxc5 14. Qd6 Re6 15. Qd2 Bb7 16. Rad1 Qe7 17. a4 b4 18. Nb1 Ne5 19. Qc2 Rc8 20. Nd2 h5 21. Nc4 h4 22. Nh1 Nfd7 23. Nf2 f5 24. exf5 gxf5 25. Nh3 Kh8 26. Bg5 Qf8 27. Nf4 Rec6 28. Na5 Rb6 29. Nxb7 Rxb7 30. Bxa6 Rbb8 31. Bxc8 Rxc8 32. Rxd7 1-0


[Site "https://www.chess.com"]

[Event "Titled Tuesday Blitz February 22 Late 2022"]
[White "Erdogdu, Mert"]
[Black "Bon, Michael"]
[WhiteFideId "6301495"]
[BlackFideId "620696"]
[WhiteElo "2485"]
[BlackElo "2388"]
[Result "1-0"]
[Round "01"]
[TimeControl "180+1"]
[Date "2022.02.23"]
[WhiteClock "0:00:43"]
[BlackClock "0:00:04"]

1. e4 c5 2. Nf3 d6 3. d4 cxd4 4. Nxd4 Nf6 5. Nc3 Nc6 6. Bg5 e6 7. Qd2 a6 8. O-O-O Bd7 9. f3 Qc7 10. Be3 b5 11. g4 Nxd4 12. Bxd4 b4 13. Ne2 a5 14. g5 Nh5 15. Ng3 Nxg3 16. hxg3 e5 17. Be3 Be7 18. Kb1 Qb7 19. Bc4 Rc8 20. Bd5 Bc6 21. Bxc6+ Qxc6 22. Rh2 Kf8 23. Rdh1 Kg8 24. Qd3 g6 25. f4 Qc4 26. b3 Qxd3 27. cxd3 Kg7 28. f5 f6 29. gxf6+ Bxf6 30. g4 g5 31. Rc2 Rxc2 32. Kxc2 Rc8+ 33. Kd2 Bd8 34. d4 Bb6 35. Bxg5 Bxd4 36. Bh6+ Kg8 37. Bg5 Rc3 38. Be7 Rg3 39. g5 Bc5 40. Rh6 Be3+ 41. Ke2 Bxg5 42. Bxg5 Rxg5 43. Rxd6 Rg2+ 44. Kf3 Rxa2 45. Rd5 Ra3 46. Rxe5 Rxb3+ 47. Kf4 a4 48. Ra5 a3 49. e5 Rb2 50. e6 a2 51. f6 Rf2+ 52. Ke5 Re2+ 53. Kd5 h5 54. Ra8+ Kh7 55. f7 Rf2 56. Rxa2 Rxa2 57. f8=Q 1-0


[Site "https://www.chess.com"]

[Event "Titled Tuesday Blitz February 22 Late 2022"]
[White "Ezat, Mohamed"]
[Black "Clawitter, Craig"]
[WhiteFideId "10600906"]
[BlackFideId "2023105"]
[WhiteElo "2386"]
[BlackElo "2200"]
[Result "1-0"]
[Round "01"]
[TimeControl "180+1"]
[Date "2022.02.23"]
[WhiteClock "0:01:09"]
[BlackClock "0:00:24"]

1. d4 e6 2. c4 Nf6 3. Nc3 d5 4. cxd5 exd5 5. Bg5 c6 6. Qc2 Be7 7. e3 O-O 8. Bd3 Nbd7 9. Nge2 Re8 10. O-O Nf8 11. Rab1 a5 12. a3 g6 13. b4 axb4 14. axb4 Ne6 15. Bh4 Ng7 16. b5 Bf5 17. bxc6 bxc6 18. Bxf5 Nxf5 19. Bxf6 Bxf6 20. Na4 Qa5 21. Nb6 Ra6 22. Qxc6 Re6 23. Qc8+ Kg7 24. Nd7 Ra8 25. Rb8 Rxb8 26. Qxb8 Be7 27. Nf4 Bd6 28. Nxe6+ fxe6 29. Qb7 Kh6 30. Nf6 Kg5 31. Nxh7+ Kg4 32. h3+ Kh4 33. Qf7 Bb8 34. Qxg6 Qc7 35. Qg4# 1-0


[Site "https://www.chess.com"]

[Event "Titled Tuesday Blitz February 22 Late 2022"]
[White "Farmani Anosheh, Armin"]
[Black "Bachmann, Axel"]
[WhiteFideId "24613240"]
[BlackFideId "3700488"]
[WhiteElo "2289"]
[BlackElo "2642"]
[Result "0-1"]
[Round "01"]
[TimeControl "180+1"]
[Date "2022.02.23"]
[WhiteClock "0:00:06"]
[BlackClock "0:00:14"]

1. d4 Nf6 2. c4 e6 3. Nf3 Bb4+ 4. Nbd2 O-O 5. a3 Be7 6. e4 d6 7. Be2 e5 8. O-O exd4 9. Nxd4 Nfd7 10. Nb1 Bf6 11. Nc3 Nc6 12. Nxc6 bxc6 13. Be3 Re8 14. Qc2 Rb8 15. Rad1 c5 16. f3 Bb7 17. b3 Ne5 18. Nd5 Bxd5 19. cxd5 Ng6 20. a4 Rb4 21. Bc4 h6 22. Bd2 Bd4+ 23. Kh1 Rb8 24. f4 Qh4 25. g3 Qh3 26. Bc1 Nf8 27. Rde1 Nd7 28. a5 Nf6 29. Bd3 Ng4 30. Bc4 Nf6 31. Rf3 Qh5 32. Kg2 Re7 33. Re2 Rbe8 34. Bd3 g5 35. fxg5 hxg5 36. Rf5 Nh7 37. h3 Re5 38. Rxe5 Bxe5 39. Rf2 Nf8 40. Rf5 f6 41. Be2 Qh7 42. Bg4 Bd4 43. Qd3 Nd7 44. Rf3 Ne5 45. Bf5 Nxd3 46. Bxh7+ Kxh7 47. Rxd3 Rxe4 48. Kf3 Re1 49. Bd2 Rh1 50. Kg2 Rd1 51. Kf3 Kg6 52. Ke2 Rh1 53. g4 f5 54. gxf5+ Kxf5 55. Rg3 Rh2+ 56. Kd3 Bf6 57. Be3 Rb2 58. Kc4 Rc2+ 59. Kb5 Rc3 60. Ka6 Rxb3 61. Kxa7 c4 62. a6 Rxe3 63. Rxe3 Bd4+ 64. Kb7 Bxe3 65. Kxc7 Ke5 66. Kb7 c3 67. a7 Bxa7 68. Kxa7 c2 0-1


[Site "https://www.chess.com"]

[Event "Titled Tuesday Blitz February 22 Late 2022"]
[White "Federzoni, Enzo"]
[Black "Kobo, Ori"]
[WhiteFideId "2173301"]
[BlackFideId "2812320"]
[WhiteElo "1956"]
[BlackElo "2420"]
[Result "0-1"]
[Round "01"]
[TimeControl "180+1"]
[Date "2022.02.23"]
[WhiteClock "0:00:08"]
[BlackClock "0:00:08"]

1. e4 c5 2. Nf3 e6 3. d4 cxd4 4. Nxd4 a6 5. Bd3 Bc5 6. Nb3 Ba7 7. Qe2 Nc6 8. Be3 d6 9. O-O Nf6 10. c4 O-O 11. Nc3 e5 12. Rfd1 Be6 13. Rac1 Bxe3 14. Qxe3 b6 15. h3 Qb8 16. Nd5 Nd7 17. Bb1 a5 18. f4 exf4 19. Nxf4 Nde5 20. Nd5 Bxd5 21. exd5 Ne7 22. Nd4 Re8 23. Kh1 Qd8 24. Rf1 Rc8 25. b3 N7g6 26. Qf2 Rc7 27. Nf5 Rd7 28. Rce1 Qc7 29. h4 h5 30. Qe2 Rdd8 31. Qxh5 Nd7 32. Qf3 Nf6 33. h5 Ne5 34. Qh3 Neg4 35. Rxe8+ Rxe8 36. Qg3 Qc5 37. Bd3 Re5 38. Nh4 Qd4 39. Bf5 Re3 40. Nf3 Qc5 41. Qxg4 Nxg4 42. Bxg4 Qb4 43. Kh2 Qc3 44. Kg3 Re2 45. Rf2 Rxf2 46. Kxf2 Qf6 47. Kg3 Qb2 48. Ng5 Qxa2 49. Ne4 Qxb3+ 50. Kf4 Qb4 51. Ng5 a4 52. Kg3 a3 53. Kh4 a2 54. h6 a1=Q 55. h7+ Kh8 56. Nxf7+ Kxh7 57. Ng5+ Kg8 58. Be6+ Kf8 59. Nh7+ Ke7 0-1


[Site "https://www.chess.com"]

[Event "Titled Tuesday Blitz February 22 Late 2022"]
[White "Fedoseev, Vladimir"]
[Black "Domingo Nunez, Alejandro"]
[WhiteFideId "24130737"]
[BlackFideId "22245561"]
[WhiteElo "2726"]
[BlackElo "2215"]
[Result "1-0"]
[Round "01"]
[TimeControl "180+1"]
[Date "2022.02.22"]
[WhiteClock "0:00:06"]
[BlackClock "0:00:09"]

1. e4 c6 2. Nf3 d5 3. d3 g6 4. e5 Bg7 5. d4 Bg4 6. Nbd2 f6 7. h3 Bxf3 8. Nxf3 Nd7 9. e6 Nf8 10. Bd3 Nxe6 11. O-O Nh6 12. Re1 Qd6 13. c4 Nc7 14. Qb3 O-O-O 15. Bd2 dxc4 16. Bxc4 Nd5 17. Rac1 Kb8 18. Bxd5 Qxd5 19. Qxd5 Rxd5 20. Rxe7 Nf5 21. Bf4+ Ka8 22. Rc7 Rhd8 23. Re1 g5 24. Bh2 Bf8 25. Rxh7 Nxd4 26. Nxd4 Rxd4 27. g4 Bc5 28. Rf7 Rd2 29. Rxf6 Rxb2 30. Rf5 Bb6 31. a4 a5 32. Bg3 Rd3 33. Kg2 Rdd2 34. Re8+ Ka7 35. Rff8 Bc5 36. Ra8+ Kb6 37. Rf5 Bb4 38. Rxg5 Ra2 39. Rf5 Rxa4 40. g5 Raa2 41. g6 Bc3 42. h4 a4 43. h5 a3 44. h6 Rd6 45. g7 Rg6 46. g8=Q Rxg8 47. Rxg8 Rc2 48. Be5 a2 49. Bxc3 Rxc3 50. Ra8 Rc2 51. h7 Rc5 52. Rxc5 Kxc5 53. h8=Q 1-0


[Site "https://www.chess.com"]

[Event "Titled Tuesday Blitz February 22 Late 2022"]
[White "Fernandez Siles, Luis"]
[Black "Badmatsyrenov, Oleg"]
[WhiteFideId "2209420"]
[BlackFideId "24115762"]
[WhiteElo "2212"]
[BlackElo "2403"]
[Result "0-1"]
[Round "01"]
[TimeControl "180+1"]
[Date "2022.02.23"]
[WhiteClock "0:00:08"]
[BlackClock "0:00:17"]

1. e4 c5 2. Nf3 e6 3. c3 d5 4. exd5 exd5 5. d4 a6 6. Bd3 c4 7. Bc2 Bd6 8. O-O Nc6 9. Re1+ Nge7 10. b3 cxb3 11. axb3 O-O 12. Nbd2 Ng6 13. Nf1 Bg4 14. Ne3 Be6 15. c4 Nb4 16. Bb1 Rc8 17. Bd2 Be7 18. c5 Nc6 19. b4 Bf6 20. Bc3 Re8 21. Ba2 Na7 22. Nxd5 Nb5 23. Bb2 Bxd5 24. Rxe8+ Qxe8 25. Bxd5 Qd7 26. Qb3 Nf4 27. Bc4 Qg4 28. g3 h5 29. Qe3 Nh3+ 30. Kg2 Nd6 31. Be2 Nf5 32. Qd2 Re8 33. Re1 Rxe2 34. Rxe2 h4 35. Re8+ Kh7 36. Qd3 Nf4+ 37. Kf1 Nxd3 38. Nxh4 Nxh4 0-1


[Site "https://www.chess.com"]

[Event "Titled Tuesday Blitz February 22 Late 2022"]
[White "Fiorito, Fabian"]
[Black "Lenderman, Aleksandr"]
[WhiteFideId "100200"]
[BlackFideId "2021285"]
[WhiteElo "2395"]
[BlackElo "2651"]
[Result "0-1"]
[Round "01"]
[TimeControl "180+1"]
[Date "2022.02.23"]
[WhiteClock "0:01:33"]
[BlackClock "0:00:15"]

1. d4 d5 2. Nc3 Bf5 3. Bf4 Nf6 4. f3 e6 5. g4 Bg6 6. Qd2 Bd6 7. h4 h6 8. Nh3 c5 9. e3 Nc6 10. Bxd6 Qxd6 11. Nf4 cxd4 12. exd4 Bxc2 13. Nb5 Qb8 14. Nxe6 Qg3+ 15. Ke2 fxe6 16. Qxc2 a6 17. Qg6+ Kf8 18. Rh3 Qf4 19. g5 axb5 20. gxf6 Qxf6 21. Qxf6+ gxf6 22. Ke3 Rg8 23. Bxb5 Rg2 24. a4 Nb4 25. Rc1 Nc2+ 26. Kd3 Rc8 27. Rhh1 Nb4+ 28. Ke3 Rxc1 29. Rxc1 Rxb2 30. Rc8+ Ke7 31. Rc7+ Kd8 32. Rxb7 Nc2+ 33. Kd3 Ne1+ 34. Kc3 Rf2 35. Rd7+ Kc8 36. Rh7 Rxf3+ 37. Kd2 Ng2 38. Rxh6 Rf4 39. Kc3 Nxh4 40. Bd7+ Kxd7 41. Kb4 Nf5 42. Kc5 Nxh6 43. a5 Kc7 44. a6 Kb8 45. Kd6 Ka8 46. Kxe6 Rxd4 47. Kxf6 Ra4 48. Ke5 Rxa6 49. Kxd5 Nf7 50. Ke4 Rd6 51. Kf5 Kb7 52. Ke4 Kc7 53. Kf5 Kd7 54. Ke4 Ke7 55. Kf5 Re6 56. Kg4 Kf6 57. Kf4 Re5 58. Kg4 Rf5 59. Kg3 Kg5 60. Kh3 Ne5 61. Kg2 Kg4 62. Kg1 Kg3 63. Kh1 Rf1# 0-1


[Site "https://www.chess.com"]

[Event "Titled Tuesday Blitz February 22 Late 2022"]
[White "Gaisinsky, Adam"]
[Black "Shuvalova, Polina"]
[WhiteFideId "2620561"]
[BlackFideId "24171760"]
[WhiteElo "1965"]
[BlackElo "2355"]
[Result "0-1"]
[Round "01"]
[TimeControl "180+1"]
[Date "2022.02.23"]
[WhiteClock "0:00:02"]
[BlackClock "0:01:33"]

1. d4 Nf6 2. Nf3 e6 3. Bf4 d5 4. e3 c5 5. c3 Bd6 6. Bg3 O-O 7. Nbd2 Nc6 8. Bd3 b6 9. e4 dxe4 10. Nxe4 Nxe4 11. Bxe4 Bb7 12. dxc5 Bxc5 13. Qa4 Rc8 14. Rd1 Qe7 15. O-O f5 16. Bc2 e5 17. Bh4 Qe8 18. Bb3+ Kh8 19. Rfe1 e4 20. Bd5 Qh5 21. b4 Bd6 22. Bg3 Bxg3 23. hxg3 exf3 24. Bxf3 Qf7 25. Rd3 Rfe8 26. Rxe8+ Rxe8 27. Bxc6 Re1+ 28. Kh2 Qh5# 0-1


[Site "https://www.chess.com"]

[Event "Titled Tuesday Blitz February 22 Late 2022"]
[White "Glavina, Pablo"]
[Black "Pichot, Alan"]
[WhiteFideId "100234"]
[BlackFideId "110973"]
[WhiteElo "2369"]
[BlackElo "2543"]
[Result "0-1"]
[Round "01"]
[TimeControl "180+1"]
[Date "2022.02.23"]
[WhiteClock "0:00:29"]
[BlackClock "0:00:09"]

1. e4 c5 2. Nf3 e6 3. d3 Nc6 4. g3 Nf6 5. Bg2 d5 6. Qe2 Be7 7. O-O O-O 8. e5 Nd7 9. c4 b5 10. cxb5 Na5 11. Qc2 a6 12. a4 Qb6 13. Na3 Bb7 14. Be3 Qd8 15. h4 h6 16. h5 Rc8 17. Bf4 Qb6 18. Rac1 c4 19. Be3 Bc5 20. Bxc5 Nxc5 21. dxc4 Ncb3 22. Rcd1 dxc4 23. Rd6 Qc5 24. bxa6 Bd5 25. Rd1 Nc6 26. Qc3 Ra8 27. Nb5 Rfc8 28. a7 Nxa7 29. Nbd4 Nxd4 30. Qxd4 Rab8 31. Qf4 Qc7 32. Nh4 Bxg2 33. Kxg2 Rf8 34. Nf3 Rxb2 35. Rc1 Nc8 36. Rxc4 Qa7 37. Rdc6 Qxf2+ 38. Kh3 Qg2+ 39. Kg4 Ne7 40. Rc7 Nd5 41. Rc8 Nxf4 42. Rxf8+ Kxf8 0-1


[Site "https://www.chess.com"]

[Event "Titled Tuesday Blitz February 22 Late 2022"]
[White "Goltsev, Dmitry"]
[Black "Quirke, Jeffrey"]
[WhiteFideId "24176710"]
[BlackFideId "2013029"]
[WhiteElo "2273"]
[BlackElo "2214"]
[Result "1-0"]
[Round "01"]
[TimeControl "180+1"]
[Date "2022.02.23"]
[WhiteClock "0:01:25"]
[BlackClock "0:00:01"]

1. e4 c5 2. Nf3 e6 3. d4 cxd4 4. Nxd4 a6 5. Nc3 b5 6. Be2 Bb7 7. a3 Nc6 8. O-O d6 9. Be3 Nf6 10. f4 Be7 11. Bf3 Qc7 12. Qe2 O-O 13. Rad1 Nxd4 14. Bxd4 e5 15. Be3 Rfe8 16. g4 exf4 17. Bxf4 Nd7 18. Kh1 Ne5 19. Bxe5 dxe5 20. Nd5 Qc5 21. c3 Bf8 22. Bg2 Rad8 23. g5 Qc6 24. Qg4 Qg6 25. h4 h5 26. Qe2 Bxd5 27. exd5 e4 28. Rd4 e3 29. Rdf4 Bd6 30. Rxf7 Rf8 31. Rxf8+ Rxf8 32. Qxe3 Rxf1+ 33. Bxf1 Qf7 34. Bg2 Qf5 35. Qe8+ Bf8 36. Qe6+ Qxe6 37. dxe6 Bd6 38. Bd5 Kf8 39. Kg2 Ke7 40. Kf3 a5 41. Bc6 b4 42. axb4 axb4 43. Bd5 bxc3 44. bxc3 Bc5 45. Kg3 Be3 46. c4 Bc5 47. Bf3 g6 48. Be4 Kxe6 49. Bxg6 Bd4 50. Bxh5 Ke7 51. Bg4 1-0


[Site "https://www.chess.com"]

[Event "Titled Tuesday Blitz February 22 Late 2022"]
[White "Golubovskis, Maksims"]
[Black "Guz, Ari"]
[WhiteFideId "11608528"]
[BlackFideId "2825759"]
[WhiteElo "2066"]
[BlackElo "1913"]
[Result "0-1"]
[Round "01"]
[TimeControl "180+1"]
[Date "2022.02.23"]
[WhiteClock "0:00:01"]
[BlackClock "0:02:23"]

1. e4 c5 2. Nf3 e6 3. d4 cxd4 4. Nxd4 a6 5. Bd3 Bc5 6. Nb3 Be7 7. Qg4 Nf6 8. Qg3 Nc6 9. Bf4 Nh5 10. Qg4 Nxf4 11. Qxf4 d6 12. O-O O-O 13. N1d2 e5 14. Qe3 Bg5 15. Qg3 b5 16. c3 Be6 17. h4 Bxh4 18. Qe3 Bg5 19. Qe2 g6 20. f3 Bf4 21. a4 Qh4 22. Rf2 Qh2+ 23. Kf1 Qh1# 0-1


[Site "https://www.chess.com"]

[Event "Titled Tuesday Blitz February 22 Late 2022"]
[White "Gomez Ledo, Roberto Carlos"]
[Black "Stanisz, Patryk"]
[WhiteFideId "3507076"]
[BlackFideId "1123106"]
[WhiteElo "2379"]
[BlackElo "1876"]
[Result "1-0"]
[Round "01"]
[TimeControl "180+1"]
[Date "2022.02.23"]
[WhiteClock "0:00:03"]
[BlackClock "0:00:05"]

1. d4 d5 2. Bf4 Nf6 3. Nf3 c5 4. c3 Nc6 5. Nbd2 e6 6. e3 cxd4 7. cxd4 Nh5 8. Be5 f6 9. Bg3 g6 10. a3 Bg7 11. Be2 O-O 12. Rc1 Bd7 13. Nb3 Nxg3 14. hxg3 b6 15. Ba6 Ne7 16. O-O e5 17. Qc2 e4 18. Nh2 Bc8 19. Bb5 Bd7 20. Bxd7 Qxd7 21. Qc7 Rfd8 22. Qxd7 Rxd7 23. Rc3 Rc8 24. Rfc1 Rxc3 25. Rxc3 Kf8 26. Nc1 Ke8 27. Na2 Kd8 28. Kf1 Rc7 29. Ke2 Rxc3 30. Nxc3 Kd7 31. g4 f5 32. gxf5 gxf5 33. g3 Kc6 34. Nf1 Bf6 35. b4 a6 36. a4 b5 37. axb5+ axb5 38. Nd2 h5 39. Nb3 h4 40. gxh4 Bxh4 41. Nc5 Bg5 42. f3 Bh6 43. Ne6 Kd6 44. Nd8 Kd7 45. Nf7 exf3+ 46. Kxf3 Bg7 47. Nxb5 Nc6 48. Nbd6 Nxb4 49. Nxf5 Bf6 50. N7h6 Nc2 51. Ng4 Ke6 52. Nxf6 Kxf6 53. Nd6 Ke6 54. Nb5 Nb4 55. Nc3 Nc2 56. Ne2 Nb4 57. Nf4+ Kd6 58. Kg4 Nc6 59. Kf5 Nb4 60. Ng6 Nc2 61. Kf4 Ke6 62. Nh4 Kd6 63. Nf3 Ke6 64. Ng5+ Kd6 65. Nh3 Ke6 66. Nf2 Kd6 67. Nd3 Ke6 68. Nc5+ Kd6 69. Kf3 Nb4 70. Ke2 Nc6 71. Nd3 Ne7 72. Nf4 Nf5 73. Kf3 Nh4+ 74. Kg4 1-0


[Site "https://www.chess.com"]